 Dungeon Crawl Stone Soup version 0.27.1-33-g824d729ab1 (webtiles) character file.

Game seed: 3355557027344752370

81 pkoi the Insei (level 4, -4/38 HPs)
             Began as a Draconian Monk on Dec 9, 2021.
             Was a Believer of Dithmenos.
             Slain by Grinder (6 damage)
             ... on level 4 of the Dungeon.
             The game lasted 00:02:58 (3124 turns).

pkoi the Insei (Draconian Monk)                     Turns: 3124, Time: 00:02:58

Health: -4/38      AC:  5    Str: 13    XL:     4   Next: 20%
Magic:  4/4        EV: 12    Int: 12    God:    Dithmenos [**....]
Gold:   98         SH:  0    Dex: 13    Spells: 3/3 levels left

rFire    . . .     SeeInvis .     - Unarmed
rCold    . . .     Faith    .   (no shield)
rNeg     . . .     Spirit   .   (armour unavailable)
rPois    .         Reflect  .   (helmet restricted)
rElec    .         Harm     .   (no cloak)
rCorr    .         Rampage  .   (no gloves)
Will     .....                  (no boots)
Stlth    ++........             (no amulet)
HPRegen  0.12/turn              (no ring)
MPRegen  0.09/turn              (no ring)

@: wreathed by umbra
A: AC +5, unfitting armour, cold-blooded
a: Renounce Religion, Shadow Step


You were on level 4 of the Dungeon.
You worshipped Dithmenos.
Dithmenos was pleased with you.
You visited 1 branch of the dungeon, and saw 4 of its levels.

You collected 98 gold pieces.

Inventory:

Missiles
 d - 20 poisoned darts (quivered)
 i - a throwing net
Wands
 c - a wand of acid (9)
Scrolls
 a - a scroll of teleportation
Potions
 b - 2 potions of degeneration {unknown}
 e - a potion of haste {unknown}
 f - 2 potions of brilliance {unknown}
 g - 3 potions of heal wounds {unknown}
 h - a potion of invisibility {unknown}
 j - a potion of cancellation
 k - a potion of magic {unknown}
 n - a potion of berserk rage {unknown}


   Skills:
 - Level 3.2 Fighting
 - Level 2.6 Dodging
 + Level 2.3 Stealth
 * Level 4.8 Unarmed Combat


You had 3 spell levels left.
You didn't know any spells.
Your spell library contained the following spells:

 Spells                   Type           Power      Damage    Failure   Level
 Portal Projectile        Hex/Tloc       0%         N/A       69%         3
 Blade Hands              Tmut           0%         N/A       100%        5
 Excruciating Wounds      Necr           0%         N/A       100%        5


Dungeon Overview and Level Annotations

Branches:
Dungeon (4/15)
 Temple: D:4-7

Altars:
Dithmenos
Nemelex Xobeh
Uskayaw

Annotations:
D:4 Grinder


Innate Abilities, Weirdness & Mutations

Your plain brown scales are hard. (AC +5)
You cannot fit into any form of body armour.
You are cold-blooded and may be slowed by cold attacks.


Message History

An ice beast is nearby!
An ice beast is nearby!
You see here a +0 helmet.
You see here a +0 dagger.
(D) Dungeon
Where to? (Enter - D:4, ? - help)
There is a stone staircase leading down here.
You climb downwards.
Level annotation: Grinder A ball python comes into view.
Grinder drinks a potion.
Grinder seems to grow stronger.
There is a stone staircase leading up here.
Unknown command.
The ball python barely misses you. x2
The ball python bites you but does no damage.
The ball python grabs you.
You stop ascending the stairs.
The ball python constricts you. Grinder hits you.
You writhe in agony.
Unknown command.
Unknown command.
You closely miss the ball python. The ball python bites you.
The ball python constricts you.
You completely miss the ball python.
Your tail-slap misses the ball python.
Grinder hits you! The ball python misses you. The ball python constricts you.
You hit the ball python.
The ball python is moderately wounded.
Grinder barely misses you. The ball python barely misses you.
The ball python constricts you.
You hit the ball python but do no damage.
The ball python is moderately wounded.
Grinder says, "Just stop there for a second..."
Grinder gestures at you. Pain shoots through your body!
* * * LOW HITPOINT WARNING * * *
The ball python bites you.
* * * LOW HITPOINT WARNING * * *
The ball python constricts you.
You escape the ball python's grasp.
Grinder hits you!
* * * LOW HITPOINT WARNING * * *
You writhe in agony.
You die...

,*****.......<...#*********,,*
,**,,,.#.......#...).,,,,,,,**
,*,,,**#..?....#**###,,,,****
,,,,,**#........,,,,,,,,**
*,,,,,....)####..,,*,#,,,*
,,,,,,#####*,,*###,,.#,*,*
,,,,*** **,,* *,..*,*,* **,**
*,,,####.#,*,*,** **,*
*,*,#>@5.#,,,*,,**
,,,********,*,#S####*,,**,,*****
,,,,,,,,,,,,,...,,,,,,,***,,,,,*
,,*******,,.....,,,,,*,,,,****,*
,,,* **,,.......,,,,,****,** *,*
**,***,,*#######*,,,,** *,,***,**
**,,**,**.....ho**,,,,***,,,,,,,,
,**,**,*8.......8*,,,,,,,,,,,,,,,
,,,,,,,*,,,,,,,,,*,*,*,,,,,,,,,,,


You could see Grinder (strong), a hound, an orc wizard and a ball python.

Vanquished Creatures
  An adder (D:2)
  3 gnolls
  4 dart slugs
  2 endoplasms
  6 goblins
  2 hobgoblins
  2 quokkas
  3 ball pythons
  5 bats
  4 frilled lizards
  2 kobolds
  3 rats
37 creatures vanquished.

Vanquished Creatures (others)
  2 hobgoblins (D:4)
  A ball python (D:4)
3 creatures vanquished.

Grand Total: 40 creatures vanquished

Notes
Turn   | Place    | Note
-------+----------+-------------------------------------------
     0 | D:1      | pkoi the Draconian Monk began the quest for the Orb.
     0 | D:1      | Reached XP level 1. HP: 19/19 MP: 1/1
   358 | D:1      | Reached XP level 2. HP: 16/26 MP: 2/2
   967 | D:2      | Found a faded altar of an unknown god.
   981 | D:2      | Reached skill level 4 in Unarmed Combat
  1151 | D:2      | Found a shadowy altar of Dithmenos.
  1206 | D:2      | Became a worshipper of Dithmenos the Shadowed
  1206 | D:2      | Reached * piety under Dithmenos
  1206 | D:2      | Reached ** piety under Dithmenos
  1502 | D:2      | Reached XP level 3. HP: 31/31 MP: 3/3
  1805 | D:3      | Found a hide-covered altar of Uskayaw.
  1931 | D:3      | Noticed an ice beast
  1974 | D:4      | Noticed Grinder
  2758 | D:2      | Reached XP level 4. HP: 30/38 MP: 4/4
  3048 | D:3      | Found a sparkling altar of Nemelex Xobeh.
  3124 | D:4      | Slain by Grinder

Illustrated notes

Levels and vault maps discovered:
D:1:      ncdulo_smallfort, layout_loops_ring
D:2:      layout_loops_ring, chequers_ecumenical_altar_simple_redux, basic_altar
D:3:      layout_rooms, mainiacjoe_overflow_alcove_2,
          mainiacjoe_overflow_six_doors_small, feat_on_display
D:4:      layout_rooms, nicolae_tso_besieged_by_evil, xom_confusion_cloud,
          gammafunk_ghost_arena, uniq_grinder

Skill      XL: |  1  2  3 |
---------------+----------+-----
Unarmed Combat | 4 |  4.8
Stealth        | 2 |  2.3
Fighting       | |  3.2
Dodging        | |  2.6

Action                   |  1- 3 |  4- 6 || total
-------------------------+-------+-------++-------
Melee: Unarmed           |   120 |     8 ||   128
       Tailslap          |    14 |       ||    14
       Punch             |     1 |       ||     1
Throw: Dart              |     6 |       ||     6
  Use: Scroll            |     6 |       ||     6
 Stab: Sleeping          |     6 |       ||     6
Armor: Skin              |    26 |     2 ||    28
Dodge: Dodged            |    70 |     5 ||    75
